 Dungeon Crawl Stone Soup version 0.29-a0-275-g389c0b56f3 (webtiles) character file.

Game seed: 17277859283825709801

5 kae the Ruffian (level 1, 16/16 HPs)
             Began as a Draconian Transmuter on Mar 12, 2022.
             Quit the game on level 1 of the Dungeon.
             The game lasted 00:00:35 (216 turns).

kae the Ruffian (Draconian Transmuter)               Turns: 216, Time: 00:00:35

Health: 16/16      AC:  4    Str: 12    XL:     1   Next: 66%
Magic:  3/3        EV: 12    Int: 13    God:
Gold:   14         SH:  0    Dex: 11    Spells: 3/4 levels left

rFire   . . .      SeeInvis .     - Unarmed
rCold   . . .      Faith    .   (no shield)
rNeg    . . .      Spirit   .   (body armour unavailable)
rPois   .          Reflect  .   (helmet restricted)
rElec   .          Harm     .   (no cloak)
rCorr   .          Rampage  .   (no gloves)
Will    .....                   (no boots)
Stlth   +.........              (no amulet)
HPRegen 0.05/turn               (no ring)
MPRegen 0.08/turn               (no ring)

@: no status effects
A: AC +4, unfitting armour, cold-blooded
a: no special abilities


You were on level 1 of the Dungeon.
You visited 1 branch of the dungeon, and saw 1 of its levels.

You collected 14 gold pieces.

Inventory:

Jewellery
 d - a ring of protection from fire
Scrolls
 c - a scroll of fog {unknown}
Potions
 a - a potion of lignification
 b - a potion of might {unknown}


   Skills:
 + Level 1.2 Fighting
 + Level 1.8 Dodging
 * Level 3.1 Unarmed Combat
 + Level 2.0 Spellcasting
 * Level 2.1 Transmutations


You had 3 spell levels left.
You knew the following spells:

 Your Spells              Type           Power      Damage    Failure   Level
a - Beastly Appendage     Tmut           12%        N/A       11%         1

Your spell library contained the following spells:

 Spells                   Type           Power      Damage    Failure   Level
 Wereblood                Tmut           6%         N/A       16%         2
 Spider Form              Tmut/Pois      4%         N/A       45%         3
 Ice Form                 Ice/Tmut       4%         N/A       86%         4


Dungeon Overview and Level Annotations

Branches:
Dungeon (1/15)

Altars:


Innate Abilities, Weirdness & Mutations

Your plain brown scales are hard. (AC +4)
You cannot fit into any form of body armour.
You are cold-blooded and may be slowed by cold attacks.


Message History

A ball python comes into view.
There are monsters nearby!
You closely miss the frilled lizard. You tail-slap the frilled lizard.
You kill the frilled lizard!
You closely miss the ball python. The ball python bites you.
The ball python grabs you. The ball python constricts you.
A ball python is nearby!
You hit the ball python.
The ball python is severely wounded.
The ball python closely misses you. The ball python constricts you.
You hit the ball python.
You kill the ball python!
HP restored.
You see here a frilled lizard corpse.
Found a buckler and a leather armour.
A bat comes into view.
The bat hits you but does no damage. x2
A bat is nearby!
You miss the bat. The bat hits you but does no damage.
The bat hits you but does no damage.
A bat is nearby!
Found a stone staircase leading down.
The bat hits you but does no damage.
You miss the bat. The bat hits you. The bat closely misses you.
A bat is nearby!
You hit the bat.
You kill the bat!
No target in view!
Found a scale mail.
No target in view!
No target in view!
Found a plate armour.
No target in view!
No target in view!
You now have 14 gold pieces (gained 3).
c - a scroll labelled NIWUIP TILU
Found a pair of gloves.
No target in view!
No target in view!
d - a ring of protection from fire Are you sure you want to abandon this character and quit the game? (Confirm with "yes".)

########### ###### #..........
.....#######
#.#.#######.####.......# #.#.#
#....[@...##.#### #.#.#
#########.....[.# ..#.#########
#.#...#.######
###.#.......#######............#
#.......................#.####.#
#.#.#.#####.......#..#.##.#
#.#.#.# #.#####.#..#.# .#
#.#†#[# #.# #.#....# .# ......#
#.# #.#..### ..


There were no monsters in sight!

Vanquished Creatures
  2 hobgoblins (D:1)
  A ball python (D:1)
  2 bats (D:1)
  A frilled lizard (D:1)
6 creatures vanquished.

Notes
Turn   | Place    | Note
-------+----------+-------------------------------------------
     0 | D:1      | kae the Draconian Transmuter began the quest for the Orb.
     0 | D:1      | Reached XP level 1. HP: 16/16 MP: 3/3
   216 | D:1      | Quit the game

Illustrated notes

Levels and vault maps discovered:
D:1:      dpeg_arrival_long_road, layout_loops_ring, serial_shops,
          nicolae_shop_bloodbath_and_beyond, minmay_misc_feat_more_columns

Action                   || total
-------------------------++-------
Melee: Unarmed           ||    13
       Tailslap          ||     2
       Kick              ||     1
 Cast: Beastly Appendage ||     1
Armor: Skin              ||     9
Dodge: Dodged            ||     6

Table legend: (Time is in decaauts)
 A = Elapsed time spent in this place.
 B = Non-inter-level travel time spent in this place.
 C = Inter-level travel time spent in this place.
 D = Time resting spent in this place.
 E = Time spent auto-exploring this place.
 F = Levels seen in this place.
 G = Mean time per level.
                   A        B        C        D        E       F      G
               +--------+--------+--------+--------+--------+-----+--------+
         Total |    215 |    215 |      0 |      0 |    177 |   1 |  215.0 |
       Dungeon |    215 |    215 |      0 |      0 |    177 |   1 |  215.0 |
               +--------+--------+--------+--------+--------+-----+--------+

Top non-repeatable levels by time:
     D:1: 215 daAuts
